 Dungeon Crawl Stone Soup version 0.32-a0-630-g46d191b0ed (webtiles) character file.

Game seed: 13866783761035946159

571 Alarak the Slasher (level 7, -1/56 HPs)
             Began as a Minotaur Gladiator on Mar 6, 2024.
             Was a Follower of Makhleb.
             Slain by a steam dragon (4 damage)
             ... on level 5 of the Dungeon.
             The game lasted 00:06:25 (3905 turns).

Alarak the Slasher (Minotaur Gladiator)             Turns: 3905, Time: 00:06:25

Health: -1/56      AC: 12    Str: 18    XL:     7   Next: 11%
Magic:  6/6        EV:  6    Int:  5    God:    Makhleb [*.....]
Gold:   130        SH:  0    Dex: 14    Spells: 6/6 levels left

rFire   . . .        q - +1 hand axe (freeze)
rCold   . . .        (no shield)
rNeg    . . .        m - +0 plate armour
rPois   .            c - +0 hat
rElec   .            (no cloak)
rCorr   .            (no gloves)
SInv    .            (no boots)
Will    .....        t - amulet of magic regeneration Stlth
                     (no ring)
HPRegen 0.29/turn    (no ring)
MPRegen 0.50/turn

%: no passive effects
@: studying Axes
A: horns 2, retaliatory headbutt
a: Renounce Religion


You were on level 5 of the Dungeon.
You worshipped Makhleb.
Makhleb was aware of your devotion.
You visited 1 branch of the dungeon, and saw 5 of its levels.

You collected 130 gold pieces.

Inventory:

Hand Weapons
 a - a +1 heavy long sword
 q - a +1 hand axe of freezing (weapon)
Missiles
 d - 3 throwing nets (quivered)
 e - a javelin
Armour
 b - a +0 leather armour
 c - a +0 hat (worn)
 h - a +0 ring mail
 m - a +0 plate armour (worn)
Jewellery
 t - an amulet of magic regeneration (around neck)
Scrolls
 g - a scroll of revelation
 o - a scroll of identify
Potions
 f - a potion of degeneration
 i - a potion of curing {unknown}
 j - a potion of enlightenment
 k - a potion of haste
 l - a potion of attraction
 n - 3 potions of lignification {unknown}
 p - a potion of ambrosia {unknown}


   Skills:
 - Level 2.4 Fighting
 - Level 7.5 Long Blades
 + Level 2.0 Axes
 - Level 2.0 Throwing
 - Level 5.9 Armour
 - Level 3.2 Dodging


You had 6 spell levels left.
You didn't know any spells.
Your spell library contained the following spells:

 Spells                   Type           Power      Damage    Failure   Level
 Hailstorm                Conj/Ice       0%         3d5       100%        3
 Summon Ice Beast         Ice/Summ       0%         N/A       100%        3
 Sculpt Simulacrum        Ice/Alch       0%         N/A       100%        6


Dungeon Overview and Level Annotations

Branches:
Dungeon (5/15)
 Temple: D:4-7

Altars:
Kikubaaqudgha
Makhleb

Shops:
D:3 [


Innate Abilities, Weirdness & Mutations

You have a pair of horns on your head.
You reflexively headbutt those who attack you in melee.


Message History

The adder hisses angrily.
Your headbutt misses the steam dragon. You hit the white imp but do no damage.
You barely miss the hound. You hit the white imp.
You hit something but do no damage. The hound completely misses you.
The white imp hits you but does no damage.
Something hits you but does no damage. The white imp gestures at you.
The puff of frost hits you. The hound bites you but does no damage.
The steam dragon bites you but does no damage.
The steam dragon claws you but does no damage.
You barely miss the steam dragon. You miss the hound.
You hit the white imp but do no damage. You hit something.
You freeze something. You hit the white imp. The hound bites you.
The white imp gestures at you. The puff of frost hits you.
Reactivating autopickup.
A sky beast appears from thin air!
The sky beast hits you. The sky beast shocks you.
The steam dragon barely misses you. You furiously retaliate!
You headbutt the steam dragon.
The steam dragon claws you but does no damage.
The white imp hits you.
* * * LOW HITPOINT WARNING * * *
The white imp freezes you.
* * * LOW HITPOINT WARNING * * *
The hound bites you but does no damage.
You hit the steam dragon. You freeze the steam dragon.
Your headbutt misses the steam dragon.
The steam dragon is moderately wounded.
You barely miss the hound. You hit the white imp but do no damage.
You closely miss the sky beast. You hit the white imp.
The hound barely misses you. You furiously retaliate!
You headbutt the hound!
You kill the hound!
Makhleb accepts your kill. The white imp gestures at you.
The puff of frost hits you!
* * * LOW HITPOINT WARNING * * *
The sky beast hits you but does no damage.
The steam dragon bites you but does no damage.
The steam dragon claws you.
You die...

#+# #.. ... .. ..##.#
.####.. #.l #... ......
........#...#...# ..##.#
!.....#)..#...# ..##.#
###.....#...#...#
..##$##.......ยง.#.h.#...
#.##...........Y5.fS....
#.......####....@5h.....
.................D......
.############.##########
.....................
.#..####..###.#######
.........<..#.#
.##.......#.#.#
..............#
....#######.###


You could see a steam dragon, a sky beast, a sleepcap, a howler monkey, an
iguana, a hound, an adder and 2 white imps.

Vanquished Creatures
  A water moccasin (D:4)
  3 scorpions
  2 bombardier beetles
  3 hounds
  An iguana (D:5)
  5 adders
  A ribbon worm (D:2)
  A dart slug (D:1)
  2 orcs
  12 ball pythons
  13 endoplasms
  A giant cockroach (D:2)
  8 goblins
  10 hobgoblins
  3 jackals (D:1)
  3 kobolds
  6 quokkas
  2 bats (D:1)
  4 frilled lizards
  8 rats
89 creatures vanquished.

Notes
Turn   | Place    | Note
-------+----------+-------------------------------------------
     0 | D:1      | Alarak the Minotaur Gladiator began the quest for the Orb.
     0 | D:1      | Reached XP level 1. HP: 18/18 MP: 0/0
    72 | D:1      | Reached skill level 4 in Long Blades
    86 | D:1      | Reached XP level 2. HP: 18/25 MP: 1/1
   542 | D:1      | Reached skill level 5 in Long Blades
   679 | D:1      | Reached XP level 3. HP: 28/30 MP: 2/2
  1098 | D:2      | Found a faded altar of an unknown god.
  1327 | D:2      | Found a burning altar of Makhleb.
  1440 | D:2      | Became a worshipper of Makhleb the Destroyer
  1852 | D:3      | Found Feigykosk's Antique Armour Shop.
  1854 | D:3      | Reached skill level 6 in Long Blades
  1854 | D:3      | Reached XP level 4. HP: 37/37 MP: 3/3
  1962 | D:3      | HP: 1/37 [poisoned by an adder]
  2105 | D:3      | Found an ancient bone altar of Kikubaaqudgha.
  2600 | D:4      | Noticed a scorpion
  2609 | D:4      | Killed a scorpion
  2610 | D:4      | Reached skill level 7 in Long Blades
  2610 | D:4      | Reached XP level 5. HP: 39/42 MP: 4/4
  2673 | D:4      | Reached skill level 1 in Armour
  2698 | D:4      | Reached * piety under Makhleb
  2822 | D:4      | Reached XP level 6. HP: 49/50 MP: 5/5
  3152 | D:4      | Noticed a water moccasin
  3162 | D:4      | Killed a water moccasin
  3163 | D:4      | Reached skill level 5 in Armour
  3606 | D:5      | Entered Level 5 of the Dungeon
  3617 | D:5      | Reached XP level 7. HP: 56/56 MP: 6/6
  3892 | D:5      | Noticed a steam dragon
  3905 | D:5      | Slain by a steam dragon

Illustrated notes

Levels and vault maps discovered:
D:1:      minmay_arrival_split_and_join, layout_basic, minmay_tromino_v7
D:2:      layout_basic, basic_altar, chequers_ecumenical_altar_island,
          kennysheep_boxes
D:3:      layout_basic, nicolae_kikubaaqudgha_miasma_corner, serial_shops,
          shop_fountains, kennysheep_cross_bottleneck
D:4:      layout_layer_cave, minmay_manual_mess
D:5:      cheibrodos_fzero, layout_basic, uniq_duvessa, uniq_eustachio,
          uniq_edmund

Skill      XL: |  1  2  3  4  5  6  7 |
---------------+----------------------+-----
Long Blades    | 4 5 6 7 |  7.5
Armour         | 3 5 |  5.9
Axes           | 2 |  2.0
Fighting       | |  2.4
Throwing       | |  2.0
Dodging        | |  3.2

Action                     |  1- 3 |  4- 6 |  7- 9 || total
---------------------------+-------+-------+-------++-------
  Melee: Long sword        |    91 |    82 |     1 ||   174
         Headbutt          |     9 |    16 |     2 ||    27
         Hand axe          |       |       |    13 ||    13
    Use: Scroll            |       |    11 |       ||    11
   Stab: Sleeping          |     1 |       |       ||     1
 Armour: Leather armour    |    42 |       |       ||    42
         Ring mail         |       |    21 |       ||    21
         Plate armour      |       |    48 |    50 ||    98
  Dodge: Dodged            |    69 |    29 |    10 ||   108

Table legend: (Time is in decaauts)
 A = Elapsed time spent in this place.
 B = Non-inter-level travel time spent in this place.
 C = Inter-level travel time spent in this place.
 D = Time resting spent in this place.
 E = Time spent auto-exploring this place.
 F = Levels seen in this place.
 G = Mean time per level.
                   A        B        C        D        E       F      G
               +--------+--------+--------+--------+--------+-----+--------+
         Total |   3950 |   3575 |    375 |    211 |   2817 |   5 |  790.0 |
       Dungeon |   3950 |   3575 |    375 |    211 |   2817 |   5 |  790.0 |
               +--------+--------+--------+--------+--------+-----+--------+

Top non-repeatable levels by time:
     D:4: 1211 daAuts
     D:1: 1088 daAuts
     D:2: 957 daAuts
     D:3: 635 daAuts
     D:5: 58 daAuts
